 Dungeon Crawl Stone Soup version 0.23.2 (webtiles) character file.

Game seed: 7990823427908111128

204 Goblin1989 the Skirmisher (level 5, 0/42 HPs)
             Began as a Demonspawn Fighter on Apr 12, 2019.
             Was a Follower of Cheibriados.
             Killed by divine providence
             ... invoked by an orc priest
              (15 damage)
             ... on level 4 of the Dungeon.
             The game lasted 00:04:00 (2826 turns).

Goblin1989 the Skirmisher (Demonspawn Fighter)      Turns: 2826, Time: 00:04:00

Health: 0/42       AC: 11    Str: 20    XL:     5   Next: 52%
Magic:  5/5        EV:  7    Int: 13    God:    Cheibriados [*.....]
Gold:   157        SH:  9    Dex: 15    Spells: 4/4 levels left

rFire    . . .     SeeInvis .   a - +0 war axe
rCold    . . .     Gourm    .   c - +0 shield
rNeg     . . .     Faith    .   b - +0 scale mail
rPois    .         Spirit   .   (helmet restricted)
rElec    .         Reflect  .   (no cloak)
rCorr    .         Harm     .   o - +0 pair of gloves
MR       .....                  (no boots)
Stlth    ..........             (no amulet)
HPRegen  0.14/turn              (no ring)
MPRegen  0.09/turn              (no ring)

@: very slow
A: antennae 1, thin metallic scales 2
a: Bend Time, Renounce Religion


You were on level 4 of the Dungeon.
You worshipped Cheibriados.
Cheibriados was aware of your devotion.
You were hungry.

You visited 1 branch of the dungeon, and saw 4 of its levels.

You collected 157 gold pieces.

Inventory:

Hand Weapons
 a - a +0 war axe (weapon)
 j - a +1 dagger of venom
 r - a +1 vampiric rapier
 t - a +1 flail of draining
Armour
 b - a +0 scale mail (worn)
 c - a +0 shield (worn)
 o - a +0 pair of gloves (worn)
Scrolls
 f - 2 scrolls of immolation {unknown}
 h - 2 scrolls of magic mapping {unknown}
 i - 4 scrolls of identify {unknown}
 m - 3 scrolls of remove curse {unknown}
 p - a scroll of fear {unknown}
Potions
 d - 4 potions of might {@q4}
 k - 2 potions of curing {unknown}
 q - a potion of flight {unknown}
Comestibles
 e - 14 rations


   Skills:
 + Level 3.8 Fighting
 * Level 3.6 Axes
 + Level 3.5 Armour
 + Level 3.4 Shields


You had 4 spell levels left.
You didn't know any spells.
Your spell library was empty.

Dungeon Overview and Level Annotations

Branches:
Dungeon (4/15)
 Temple: D:4-7

Altars:
Ashenzari
Cheibriados


Innate Abilities, Weirdness & Mutations

You have a pair of small antennae on your head.
You are mostly covered in thin metallic scales. (AC +3)


Message History

You kill the big kobold!
Cheibriados appreciates the change of pace.
Cheibriados raises the support of your attributes as your movement slows.
Your life force feels restored.
You have reached level 5!
You regained 5 hp, and now have 34/42 hp.
MP restored: 5 Unknown command.
Key pressed, stopping explore.
You see here a +0 club.
You see here a war axe.
e - 14 rations (gained 1) Health restored: 42 You see here 17 arrows.
All of the chunks of flesh in your inventory have rotted away.
You see here a +0 club.
You see here a +0 dagger.
You enter the shallow water.
Moving in this stuff is going to be slow.
You enter the shallow water.
Moving in this stuff is going to be slow.
You see here a stone.
There is an escape hatch in the ceiling here.
Done exploring.
Done exploring.
(D) Dungeon
Where to? (Enter - D:3, ? - help)
You are feeling hungry.
There is a stone staircase leading down here.
Unknown command.
(D) Dungeon
Where to? (Enter - D:4, ? - help)
You climb downwards. 4 jackals come into view.
The jackal barks! x4
There is a stone staircase leading up here.
Unknown command.
You slash the jackal!
You kill the jackal!
Cheibriados thoroughly appreciates the change of pace.
You hit the jackal but do no damage. You block the jackal's attack.
You hit the jackal.
The jackal is almost dead.
You hit the jackal. x2
The jackal bites you but does no damage. x2
The jackal barely misses you. The jackal closely misses you.
The jackal bites you but does no damage.
The jackal barely misses you.
You barely miss the jackal.
The jackal is almost dead.
You slash the jackal!
You kill the jackal!
Cheibriados appreciates the change of pace.
You closely miss the jackal. You block the jackal's attack. x4
You hit the jackal.
You kill the jackal!
Cheibriados thoroughly appreciates the change of pace.
You slash the jackal!
You kill the jackal!
Cheibriados thoroughly appreciates the change of pace.
No target in view!
No target in view!
No target in view!
No target in view!
No target in view!
No target in view!
No target in view!
No target in view!
No target in view!
No target in view!
No target in view!
No target in view!
No target in view!
No target in view!
No target in view!
No target in view!
No target in view!
No target in view!
No target in view!
No target in view!
No target in view!
Unknown command.
An orc comes into view. It is wielding a +0 hand axe.
The orc shouts!
You hear a shout! x2
An orc priest comes into view.
An orc priest comes into view.
The orc priest looks braver for a moment.
The orc priest calls down the wrath of Beogh upon the orc priest.
Beogh smites you!
You hear a shout!
You take 14 damage, and have 28/42 hp.
MASSIVE DAMAGE!!
An orc comes into view. It is wielding a +0 trident.
The orc priest mumbles some strange prayers to Beogh against something.
Beogh smites you!
* * * LOW HITPOINT WARNING * * *
You take 14 damage, and have 14/42 hp.
MASSIVE DAMAGE!!
The orc priest looks satisfied for a moment.
The orc priest invokes the aid of Beogh against the orc priest.
Beogh smites you!
You die... ██████████

........█████
█...........
████..†........
.......<.......
█████...█▲█████
██....█ █888.█
█)@..█


█o888█ █....█ █888.█ █.oo.█ █.888█ █....█ ███o.█ █.██ You could see 2 orc
priests and 2 orcs.

Vanquished Creatures
  A big kobold (D:3)
  Terence (D:2)
  4 adders
  4 orcs (D:3)
  8 bats
  4 giant cockroaches
  12 hobgoblins
  4 jackals (D:4)
  A quokka (D:3)
  3 frilled lizards
  5 goblins
  15 kobolds
  4 rats
66 creatures vanquished.

Notes
Turn   | Place    | Note
-------+----------+-------------------------------------------
     0 | D:1      | Goblin1989 the Demonspawn Fighter began the quest for the
                  | Orb.
     0 | D:1      | Reached XP level 1. HP: 18/18 MP: 1/1
   329 | D:1      | Gained mutation: You are partially covered in thin metallic
                  | scales. (AC +2) [demonic ancestry]
   329 | D:1      | Reached XP level 2. HP: 24/24 MP: 2/2
   490 | D:1      | Found a shattered altar of Ashenzari.
  1369 | D:2      | Noticed Terence
  1389 | D:2      | Killed Terence
  1389 | D:2      | Gained mutation: You are mostly covered in thin metallic
                  | scales. (AC +3) [demonic ancestry]
  1389 | D:2      | Reached XP level 3. HP: 15/29 MP: 3/3
  1833 | D:2      | Gained mutation: You have a pair of small antennae on your
                  | head. [demonic ancestry]
  1833 | D:2      | Reached XP level 4. HP: 34/35 MP: 4/4
  2131 | D:3      | Found a snail-covered altar of Cheibriados.
  2137 | D:3      | Became a worshipper of Cheibriados the Contemplative
  2310 | D:3      | Reached * piety under Cheibriados
  2571 | D:3      | Noticed a big kobold
  2586 | D:3      | Killed a big kobold
  2586 | D:3      | Reached XP level 5. HP: 33/42 MP: 5/5
  2826 | D:4      | Killed from afar by an orc priest

Skill      XL: |  1  2  3  4 |
---------------+-------------+-----
Axes           | 2 3 |  3.6
Armour         | 3 |  3.5
Shields        | 3 |  3.4
Fighting       | |  3.8

Action                   |  1- 3 |  4- 6 || total
-------------------------+-------+-------++-------
Melee: War axe           |    90 |    93 ||   183
  Eat: Chunk             |     3 |     2 ||     5
Armor: Scale mail        |    48 |    50 ||    98
Dodge: Dodged            |    31 |    32 ||    63
Block: Shield            |    41 |    62 ||   103

Levels and vault maps discovered:
D:1:      arrival_zaba_pyramid, layout_basic, ashenzari_altar_1
D:2:      layout_loops_ring, first_ration, uniq_terence
D:3:      cheibrodos_thug_alley, layout_rooms, cheibriados_altar_1
D:4:      minmay_wonky_spiral, layout_basic, small_statue_alley_b,
          nicolae_tso_besieged_by_evil
